 Dungeon Crawl Stone Soup version 0.20.0-15-g7f486f2 (console) character file.

129 removed the Grave Robber (level 4, -1/21 HPs)
             Began as a Spriggan Necromancer on June 10, 2017.
             Slain by a shadow imp (5 damage)
             ... summoned by Natasha
             ... on level 2 of the Dungeon.
             The game lasted 00:02:49 (3640 turns).

removed the Grave Robber (Spriggan Necromancer)     Turns: 3640, Time: 00:02:49

Health: -1/21      AC:  2    Str:  8    XL:     4   Next: 88%
Magic:  5/11       EV: 18    Int: 16    God:
Gold:   84         SH:  0    Dex: 16    Spells: 11/12 levels left

rFire    . . .     SeeInvis +   a - +1 short sword (drain)
rCold    . . .     Gourm    .   (shield restricted)
rNeg     . . .     Faith    .   g - +0 robe
rPois    .         Spirit   .   (helmet restricted)
rElec    .         Reflect  .   (no cloak)
rCorr    .         Harm     .   (gloves unavailable)
MR       .....                  (boots unavailable)
Stlth    ++........             (no amulet)
Regen    0.1/turn               r - +3 ring of strength
MPRegen  0.2/turn               (no ring)

@: very quick
A: unfitting armour, see invisible, herbivore 3, speed 3, slow metabolism 2
a: no special abilities


You were on level 2 of the Dungeon.
You were not hungry.

You visited 1 branch of the dungeon, and saw 2 of its levels.

You collected 84 gold pieces.

Inventory:

Hand Weapons
 a - a +1 short sword of draining (weapon)
Armour
 g - a +0 robe (worn)
 n - +0 fire dragon scales
Jewellery
 r - a +3 ring of strength (left hand)
Scrolls
 d - 2 scrolls of enchant armour {unknown}
 e - a scroll of fear {unknown}
 h - a scroll of identify {unknown}
 j - 2 scrolls of recharging {unknown}
 o - 5 scrolls of remove curse {unknown}
 p - a scroll of magic mapping {unknown}
 q - a scroll of amnesia {unknown}
Potions
 f - a potion of haste {unknown}
 i - a potion of might {unknown}
 k - 3 potions of lignification {unknown}
 l - a potion of ambrosia {unknown}
 m - a potion of degeneration {unknown}
 s - 2 potions of flight {unknown}
Books
 b - a book of Necromancy

   Spells                             Type                      Level
   a - Pain                           Necromancy                   1
   b - Animate Skeleton               Necromancy                   1
   c - Vampiric Draining              Necromancy                   3
   d - Regeneration                   Charms/Necromancy            3
   e - Animate Dead                   Necromancy                   4
   f - Control Undead                 Necromancy                   4
Comestibles
 c - a bread ration
 t - 2 fruits


   Skills:
 - Level 3.0 Dodging
 - Level 3.0 Stealth
 + Level 4.7 Spellcasting
 + Level 4.8 Necromancy


You had 11 spell levels left.
You knew the following spells:

 Your Spells              Type           Power        Failure   Level  Hunger
a - Pain                  Necr           ###.         2%          1    None


Dungeon Overview and Level Annotations

Branches:
Dungeon (2/15)

Altars:
Xom

Annotations:
D:2 Natasha


Innate Abilities, Weirdness & Mutations

You are very small and have problems with some larger weapons.
You are too small for most types of armour.
You have supernaturally acute eyesight. (SInv)
You are a herbivore.
You cover ground extremely quickly.
You need consume almost no food.


Message History

Aiming: Pain
Press: ? - help, Shift-Dir - straight line, f/p - Natasha
Aim: Natasha (heavily wounded, chance to defeat MR: 78%) Natasha writhes in agony!
Natasha closely misses you. The shadow imp misses you.
Casting: Pain
Confirm with . or Enter, or press ? or * to list all spells.
Aiming: Pain
Press: ? - help, Shift-Dir - straight line, f/p - Natasha
Aim: Natasha (severely wounded, chance to defeat MR: 78%) Natasha barely resists.
Natasha closely misses you. The shadow imp hits you.
Casting: Pain
Confirm with . or Enter, or press ? or * to list all spells.
Aiming: Pain
Press: ? - help, Shift-Dir - straight line, f/p - Natasha
Aim: Natasha (severely wounded, chance to defeat MR: 78%) Natasha barely resists.
Natasha claws you.
* * * LOW HITPOINT WARNING * * *
The shadow imp hits you.
You die...

#############################
...........h@................
########†..5#################
#######....# #..<.....#.###
#..........# #.#.####.#....
######.#####....####.#....#.#.###
.................................
...###.####.......#.....#######..
).)###.## #....................##
.((#....# #.......#.....#........


You could see Natasha and a shadow imp.

Vanquished Creatures
  Natasha (D:2)
  Robin (D:2)
  A gnoll (D:2)
  2 adders (D:2)
  3 dart slugs
  A leopard gecko (D:1)
  A ball python (D:2)
  3 giant cockroaches
  14 goblins
  10 hobgoblins
  A quokka (D:2)
  4 bats
  2 frilled lizards
  9 kobolds
  3 rats (D:2)
56 creatures vanquished.

Notes
Turn   | Place    | Note
-------+----------+-------------------------------------------
     0 | D:1      | removed the Spriggan Necromancer began the quest for the Orb.
     0 | D:1      | Reached XP level 1. HP: 9/9 MP: 5/5
   606 | D:1      | Reached XP level 2. HP: 11/13 MP: 2/7
   874 | D:1      | Found a shadowy altar of Dithmenos.
   878 | D:1      | Found a shimmering altar of Xom.
   878 | D:1      | Found a shadowy altar of Dithmenos.
   880 | D:1      | Found a bloodstained altar of Trog.
   880 | D:1      | Found a deep blue altar of Sif Muna.
   880 | D:1      | Found an ancient bone altar of Kikubaaqudgha.
  1593 | D:2      | Reached XP level 3. HP: 7/16 MP: 0/9
  2208 | D:2      | Noticed Robin
  2221 | D:2      | Killed Robin
  2698 | D:2      | Reached XP level 4. HP: 8/21 MP: 2/11
  3206 | D:2      | Noticed Natasha
  3211 | D:2      | Killed Natasha
  3634 | D:2      | Noticed Natasha
  3640 | D:2      | Slain by a shadow imp

Skill      XL: |  1  2  3 |
---------------+----------+-----
Spellcasting   | 3 4 |  4.7
Necromancy     | 4 |  4.8
Dodging        | |  3.0
Stealth        | |  3.0

Action                   |  1- 3 |  4- 6 || total
-------------------------+-------+-------++-------
Melee: Short sword       |    18 |       ||    18
 Cast: Pain              |    74 |    33 ||   107
Armor: Robe              |     1 |       ||     1
Dodge: Dodged            |    33 |    13 ||    46
